 Dungeon Crawl Stone Soup version 0.27.1 (webtiles) character file.

Game seed: 12741755299190657824

2 Thatpatchoflichen the Chiller (level 1, 0/14 HPs)
             Began as a Draconian Ice Elementalist on Aug 28, 2021.
             Slain by an adder (2 damage)
             ... on level 1 of the Dungeon.
             The game lasted 00:01:48 (123 turns).

Thatpatchoflichen the Chiller (DrIE)                 Turns: 123, Time: 00:01:48

Health: 0/14       AC:  4    Str: 10    XL:     1   Next: 33%
Magic:  0/3        EV: 12    Int: 15    God:
Gold:   0          SH:  0    Dex: 11    Spells: 3/4 levels left

rFire    . . .     SeeInvis .   (no weapon)
rCold    . . .     Faith    .   (no shield)
rNeg     . . .     Spirit   .   (armour unavailable)
rPois    .         Reflect  .   (helmet restricted)
rElec    .         Harm     .   (no cloak)
rCorr    .         Rampage  .   (no gloves)
Will     .....                  (no boots)
Stlth    ++........             (no amulet)
HPRegen  0.04/turn              (no ring)
MPRegen  0.08/turn              (no ring)

@: lethally poisoned (0 -> -1)
A: AC +4, unfitting armour, cold-blooded
a: no special abilities


You were on level 1 of the Dungeon.
You visited 1 branch of the dungeon, and saw 2 of its levels.

Inventory:

Missiles
 b - 19 stones
Scrolls
 a - a scroll of magic mapping {unknown}


   Skills:
 + Level 0.2 Fighting
 + Level 1.9 Dodging
 - Level 1.7 Stealth
 - Level 2.0 Spellcasting
 + Level 4.0 Ice Magic


You had 3 spell levels left.
You knew the following spells:

 Your Spells              Type           Power      Damage    Failure   Level
a - Freeze                Ice            52%        1d7       4%          1

Your spell library contained the following spells:

 Spells                   Type           Power      Damage    Failure   Level
 Frozen Ramparts          Ice            26%        1d4       13%         3
 Ozocubu's Armour         Ice            13%        N/A       13%         3
 Hailstorm                Conj/Ice       7%         3d4       67%         4


Dungeon Overview and Level Annotations

Branches:
Dungeon (2/15)

Altars:


Innate Abilities, Weirdness & Mutations

Your plain brown scales are hard. (AC +4)
You cannot fit into any form of body armour.
You are cold-blooded and may be slowed by cold attacks.


Message History

You freeze the ball python.
The ball python is moderately wounded.
The ball python seems to slow down.
Aiming: Freeze (safe; 4% risk of failure)
Press: ? - help, Q - select action, (/) - cycle Shift-Dir - straight line, f/p - ball python
Aim: a ball python (moderately wounded, slow)
You freeze the ball python.
The ball python is heavily wounded.
The ball python misses you. The ball python grabs you.
The ball python constricts you.
Aiming: Freeze (safe; 4% risk of failure)
Press: ? - help, Q - select action, (/) - cycle Shift-Dir - straight line, f/p - ball python
Aim: a ball python (heavily wounded, constricting you, slow)
You freeze the ball python.
You kill the ball python!
There is a stone staircase leading down here.
You climb downwards.
Found 13 gold pieces.
Found a stone staircase leading down.
There is a stone staircase leading up here.
The adder hisses angrily.
There is a stone staircase leading up here.
The rat barely misses you. The adder closely misses you. The adder bites you.
You are poisoned.
The adder poisons you!
There is a stone staircase leading up here.
You feel sick. The adder completely misses you. The rat completely misses you.
You climb upwards.
You feel sick.
There is a stone staircase leading down here.
Aiming: Freeze (safe; 4% risk of failure)
Press: ? - help, Q - select action, (/) - cycle Shift-Dir - straight line, f - rat
Aim: a rat You freeze the rat.
The rat is heavily wounded.
You feel sick. The adder bites you.
* * * LOW HITPOINT WARNING * * *
The rat bites you but does no damage.
You don't have enough magic to cast this spell.
You feel sick. The adder bites you.
You die...

...... ..... ....
...... ... ......#
.. ...#.#
.########..#.#
#..........#.#
#@######.#.#.#####
#Sr...............
#.................
#†#.##.#.......#.#
#.#.##.#.....#.#.#
#.#.##.#######.#.#
#.#.##.......#.#.#
#.#.########.#.#.#
..#.# #.#.#


You could see an adder and a rat.

Vanquished Creatures
  A ball python (D:1)
  An endoplasm (D:1)
2 creatures vanquished.

Notes
Turn   | Place    | Note
-------+----------+-------------------------------------------
     0 | D:1      | Thatpatchoflichen the Draconian Ice Elementalist began the
                  | quest for the Orb.
     0 | D:1      | Reached XP level 1. HP: 14/14 MP: 3/3
   123 | D:1      | Slain by an adder

Illustrated notes

Levels and vault maps discovered:
D:1:      amcnicky_arrival_feature_with_door, layout_basic, serial_shops,
          nicolae_shop_window_shopping, hellmonk_ecumenical_altar_crossroads,
          minmay_pentomino_t4
D:2:      layout_basic

Action                   || total
-------------------------++-------
Melee: Unarmed           ||     3
 Cast: Freeze            ||     4
Armor: Skin              ||     3
Dodge: Dodged            ||     6
